Map: Port Aleksander EC

Players

zuka - Winner!

  • Race: Protoss Protoss
  • League: Master
  • Spawn Location: 5:00

IA (très facile)

  • Race: Terran Terran
  • Spawn Location: 11:00

VOD

Have the link to the VOD?

Description

Time

  • Played on: Nov. 29, 2018, 3:45 p.m.
  • Length: 12:35
Show
View Real Time Build Order
Export as new Build Order

zuka Protoss - Winner!

Build Orders: Archon Immortal 

Get SALT Encoding   

  12  0:01  Probe  
  13  0:13  Probe  
  14  0:18  Pylon  
  14  0:24  Probe  
  15  0:32  Probe  
  15  0:41  Probe, Gateway  
  17  0:53  Probe  
  17  0:55  Assimilator  
  18  1:02  Probe  
  18  1:04  Assimilator  
  18  1:10  Probe  
  20  1:19  Probe  
  20  1:21  Gateway  
  21  1:32  Cybernetics Core  
  21  1:35  Probe  
  22  1:43  Pylon  
  22  1:47  Probe  
  23  2:00  Warp Gate  
  23  2:02  Probe  
  24  2:08  Stalker x2  
  28  2:24  Pylon  
  28  2:38  Stalker  
  28  2:42  Stalker  
  32  2:58  Nexus  
  32  3:05  Probe  
  33  3:17  Robotics Facility  
  33  3:18  Probe  
  34  3:30  Probe  
  35  3:37  Shield Battery  
  35  3:39  Pylon  
  35  3:42  Probe  
  36  3:54  Probe, Immortal  
  37  4:06  Probe  
  42  4:11  Probe  
  43  4:18  Probe  
  43  4:21  Probe  
  45  4:26  Probe, Gateway x2  
  45  4:30  Probe  
  46  4:34  Observer  
  46  4:35  Probe  
  46  4:38  Probe  
  48  4:39  Assimilator  
  48  4:41  Assimilator  
  48  4:44  Probe  
  50  4:50  Probe  
  52  4:55  Twilight Council  
  52  4:56  Probe  
  53  5:02  Pylon, Probe  
  54  5:09  Probe  
  54  5:10  Zealot  
  54  5:11  Zealot  
  60  5:14  Probe  
  60  5:21  Probe  
  61  5:26  Charge  
  61  5:30  Probe  
  61  5:33  Nexus, Probe  
  63  5:41  Immortal  
  67  5:43  Probe  
  67  5:45  Probe  
  69  5:55  Probe  
  70  5:58  Pylon  
  70  6:00  Pylon  
  70  6:09  Forge  
  70  6:11  Forge  
  70  6:14  Pylon  
  70  6:16  Probe x2  
  72  6:19  Protoss Ground Weapons Level 1  
  72  6:20  Immortal  
  76  6:25  Shield Battery  
  76  6:29  Protoss Ground Armor Level 1  
  76  6:30  Shield Battery  
  76  6:31  Zealot  
  76  6:32  Zealot  
  80  6:36  Probe x2  
  82  6:45  Probe  
  83  6:48  Probe  
  83  6:49  Pylon  
  84  6:56  Observer, Templar Archives  
  84  7:00  Probe  
  84  7:01  Probe  
  87  7:03  Probe  
  87  7:06  Gateway  
  88  7:13  Probe x2  
  88  7:14  Gateway  
  90  7:16  Probe  
  90  7:20  Pylon  
  91  7:25  Probe x2  
  91  7:27  Immortal  
  91  7:28  Probe  
  98  7:37  Probe x2, High Templar  
  98  7:38  High Templar x2  
  98  7:39  High Templar  
  98  7:44  Pylon, Archon x2  
  108  7:46  Probe  
  108  7:49  Probe  
  110  7:53  Pylon  
  110  8:03  Gateway  
  110  8:04  Probe  
  110  8:05  Probe, Observer, Gateway  
  112  8:07  Gateway  
  112  8:08  Protoss Ground Armor Level 2  
  112  8:10  Protoss Ground Weapons Level 2, Gateway  
  112  8:11  Assimilator  
  113  8:13  Assimilator  
  113  8:16  Shield Battery  
  113  8:17  Shield Battery, High Templar x2  
  113  8:18  High Templar x2  
  113  8:19  High Templar x2  
  125  8:20  Shield Battery  
  125  8:21  Archon  
  125  8:22  Archon  
  125  8:26  Archon  
  124  8:33  Pylon  
  124  8:49  Pylon, Warp Prism  
  124  8:51  Pylon, Zealot x2  
  124  8:52  Zealot x3  
  124  8:53  Zealot  
  138  9:01  Zealot  
  138  9:02  Zealot  
  142  9:08  Zealot x2  
  146  9:16  Pylon  
  146  9:18  Pylon, High Templar x2  
  146  9:19  High Templar x2  
  146  9:20  Zealot  
  146  9:21  Zealot  
  146  9:23  Archon x2  
  158  9:27  Pylon  
  158  9:33  High Templar  
  158  9:34  High Templar  
  158  9:35  Zealot x2  
  167  9:38  Observer  
  167  9:40  Nexus, Archon  
  167  9:41  Zealot x2  
  171  9:47  Pylon  
  171  9:51  Pylon  
  171  9:54  Assimilator  
  171  9:58  High Templar  
  171  9:59  Assimilator, High Templar  
  175  10:00  Zealot x3  
  175  10:01  Zealot  
  175  10:02  Zealot  
  175  10:03  Zealot  
  175  10:04  Archon  
  187  10:11  Pylon  
  187  10:12  Pylon  
  187  10:16  High Templar  
  187  10:17  High Templar  
  187  10:20  Archon  
  191  10:23  Zealot x3  
  191  10:24  Zealot  
  199  10:39  Gateway  
  199  10:41  Gateway  
Show
View Real Time Build Order
Export as new Build Order

IA (très facile) Terran 

Build Orders:  

Get SALT Encoding   

  12  0:00  SCV  
  13  0:13  SCV  
  14  0:19  Supply Depot  
  14  0:39  Refinery  
  14  0:44  Barracks  
  14  1:05  Supply Depot  
  14  1:15  Refinery  
  14  1:31  Marine, Orbital Command  
  15  1:57  SCV  
  16  2:03  Marine  
  17  2:09  SCV  
  18  2:21  SCV  
  19  2:33  SCV  
  19  2:35  Marine  
  21  2:45  SCV  
  22  2:57  SCV  
  23  3:20  Marine  
  23  3:23  Supply Depot  
  24  3:49  Marine  
  25  5:48  Barracks Tech Lab, SCV  
  26  5:50  Factory  
  26  5:52  Supply Depot  
  26  6:00  SCV  
  27  6:10  Marauder  
  29  6:12  SCV  
  30  6:24  SCV  
  31  6:35  Starport  
  31  6:36  SCV  
  32  6:44  Marine  
  28  6:54  Command Center  
  28  7:12  Starport Tech Lab  
  27  7:18  Marine  
  28  7:31  Raven  
  30  7:52  Marine  
  31  8:06  SCV  
  31  8:09  Refinery  
  32  8:14  Raven, SCV  
  32  8:18  Refinery  
  35  8:21  SCV  
  35  8:26  Marine  
  36  8:28  SCV  
  38  8:35  SCV  
  39  8:42  SCV  
  40  8:50  SCV  
  41  8:57  SCV  
  42  9:04  SCV  
  43  9:11  SCV  
  44  9:18  SCV  
  45  9:25  SCV  
  46  9:32  SCV  
  47  9:40  SCV  
  48  9:47  SCV  
  49  9:54  SCV  
  50  10:45  SCV  
  50  11:00  Marine  
  45  11:11  Supply Depot  
  45  11:14  SCV  
  25  11:27  SCV  
Tags
 
Add a new tag
Caveats
  • Supply blocks, unpowered buildings, or Contaminate may cause inaccurate times.
  • Supply counts are checked every 10 seconds.